 Dungeon Crawl Stone Soup version 0.24-a0-335-g06ca16a (webtiles) character file.

Game seed: 1934706245202722495

32 Borgoz the Slasher (level 3, 0/22 HPs)
             Began as a Gargoyle Gladiator on May 18, 2019.
             Slain by an adder (4 damage)
             ... on level 2 of the Dungeon.
             The game lasted 00:02:05 (694 turns).

Borgoz the Slasher (Gargoyle Gladiator)              Turns: 694, Time: 00:02:06

Health: 0/22       AC:  7    Str: 22    XL:     3   Next: 25%
Magic:  3/3        EV: 12    Int:  8    God:
Gold:   64         SH:  0    Dex: 12    Spells: 2/2 levels left

rFire    + . .     SeeInvis .   a - +0 long sword
rCold    . . .     Gourm    .   (no shield)
rNeg     + . .     Faith    .   b - +0 leather armour
rPois    ∞         Spirit   .   c - +0 helmet
rElec    +         Reflect  .   (no cloak)
rCorr    .         Harm     .   (no gloves)
MR       .....                  (no boots)
Stlth    +.........             (no amulet)
HPRegen  0.07/turn              i - ring of protection from fire
MPRegen  0.08/turn              (no ring)

@: mighty
A: negative energy resistance 1, electricity resistance, unbreathing,
petrification resistance, rot immunity, AC +3
a: no special abilities


You were on level 2 of the Dungeon.
You were not hungry.

You visited 1 branch of the dungeon, and saw 2 of its levels.

You collected 64 gold pieces.

Inventory:

Hand Weapons
 a - a +0 long sword (weapon)
Missiles
 d - 3 throwing nets (quivered)
Armour
 b - a +0 leather armour (worn)
 c - a +0 helmet (worn)
Jewellery
 i - a ring of protection from fire (left hand)
Scrolls
 e - 2 scrolls of remove curse {unknown}
Potions
 h - a potion of might
Comestibles
 f - 2 rations
 g - a chunk of flesh


   Skills:
 + Level 2.5 Fighting
 * Level 3.1 Long Blades
 - Level 1.7 Throwing
 + Level 1.0 Armour
 * Level 2.8 Dodging


You had 2 spell levels left.
You didn't know any spells.
Your spell library was empty.

Dungeon Overview and Level Annotations

Branches:
Dungeon (2/15)

Altars:
Makhleb

Annotations:
D:2 Sigmund


Innate Abilities, Weirdness & Mutations

You are resistant to torment.
Your stone body is resilient. (AC +3)
You are immune to poison.
You resist negative energy. (rN+)
You are resistant to electric shocks. (rElec)
You can survive without breathing.
You are immune to petrification.
You are immune to rotting.


Message History

A rat comes into view.
The bat hits you but does no damage. The adder misses you.
You riposte.
You barely miss the adder. You slash Sigmund!
Sigmund is severely wounded.
The bat hits you but does no damage.
Sigmund gestures wildly while chanting.
Sigmund flickers and vanishes!
Deactivating autopickup; reactivate with Ctrl-A.
The adder misses you. Something hits you but does no damage.
The adder bites you.
* * * LOW HITPOINT WARNING * * *
You barely miss something. The bat barely misses you.
You riposte.
You miss the bat. The adder closely misses you. The bat barely misses you.
You closely miss something. The bat barely misses you.
The adder barely misses you.
You riposte.
You barely miss the adder. Something hits you.
* * * LOW HITPOINT WARNING * * *
The adder bites you.
You die...

<.... .. ...#
##..
#####..###... .
#..........# ..
#.........##...
##..............
#........{......
.......<@.......
##...b..S...#_..
#...r.....##
#..........#
...........#
..#.....#### .
#.#...# #...#.#


You could see an adder, a bat and a rat.

Vanquished Creatures
  A leopard gecko (D:1)
  2 ball pythons (D:1)
  4 giant cockroaches (D:1)
  6 goblins (D:1)
  3 hobgoblins (D:1)
  2 kobolds (D:1)
  3 bats (D:1)
  3 frilled lizards (D:1)
  3 rats (D:1)
27 creatures vanquished.

Notes
Turn   | Place    | Note
-------+----------+-------------------------------------------
     0 | D:1      | Borgoz the Gargoyle Gladiator began the quest for the Orb.
     0 | D:1      | Reached XP level 1. HP: 12/12 MP: 1/1
    43 | D:1      | Reached XP level 2. HP: 13/17 MP: 2/2
   192 | D:1      | Reached skill level 3 in Long Blades
   347 | D:1      | Reached skill level 1 in Armour
   347 | D:1      | Reached XP level 3. HP: 21/22 MP: 3/3
   685 | D:2      | Found a burning altar of Makhleb.
   685 | D:2      | Noticed Sigmund
   694 | D:2      | Slain by an adder

Levels and vault maps discovered:
D:1:      erik_arrival_cave_to_civilisation [erik_arrival_cave_to_hall],
          layout_rooms
D:2:      layout_rooms, ashenzari_altar_1, overflow_temple_1_default,
          uniq_sigmund

Skill      XL: |  1  2 |
---------------+-------+-----
Long Blades    | 3 |  3.1
Armour         | 1 |  1.0
Fighting       | |  2.5
Throwing       | |  1.7
Dodging        | |  2.8

Action                   || total
-------------------------++-------
Melee: Long sword        ||    70
  Use: Scroll            ||     3
       Potion            ||     1
Armor: Leather armour    ||    41
Dodge: Dodged            ||    80
       Rpst.: Long sword ||    24

Table legend:
 A = Non-vault XP
 B = Vault XP
 C = Vault XP percentage of total XP
 D = Non-vault monster count
 E = Vault monster count
 F = Vault count percentage of total count
                 A         B        C        D         E       F
            +---------+---------+-------+---------+---------+-------
      Total |      46 |       0 |   0.0 |      27 |       0 |   0.0
            +---------+---------+-------+---------+---------+-------
        D:1 |      46 |       0 |   0.0 |      27 |       0 |   0.0
            +---------+---------+-------+---------+---------+-------
